 Dungeon Sprint DCSS version 0.29.1-4-g47bece8355 (webtiles) character file.

Game seed: 2761314016399232157

298 boopmooplesden the Cleaver (level 8, -1/124 HPs)
             Began as a Minotaur Berserker on Dec 7, 2022.
             Was a High Priest of Trog.
             Constricted to death by a giant anaconda (4 damage)
             ... in the Dungeon (Sprint VI: "Thunderdome").
             The game lasted 00:03:09 (539 turns).

boopmooplesden the Cleaver (Minotaur Berserker)      Turns: 539, Time: 00:03:10

Health: -1/124     AC:  5    Str: 23    XL:     8   Next: 12%
Magic:  7/7        EV: 17    Int: 11    God:    Trog [*****.]
Gold:   226        SH:  0    Dex: 18    Spells: 7/7 levels left

rFire   + + .      SeeInvis .   t - +4 quarterstaff (chaos)
rCold   + . .      Faith    .   (shield currently unavailable)
rNeg    + . .      Spirit   .   w - +2 animal skin of Exclusion {rF+ rCorr Dex+4}
rPois   +          Reflect  .   (helmet restricted)
rElec   +          Harm     .   (no cloak)
rCorr   +          Rampage  .   p - +0 pair of gloves
Will    .....      NoTele   +   (no boots)
Stlth   ..........              n - amulet of Hetru {rElec Regen+}
HPRegen 1.10/turn               m - ring "Dugaxomp" {rPois rF+ rN+ EV+4 Int+3}
MPRegen 0.10/turn               o - ring of Feboceg {rC+ Int+4 Dex+3}

@: berserking, constricted, very quick
A: horns 2, retaliatory headbutt
a: Renounce Religion, Berserk, Trog's Hand, Brothers in Arms


You were in the Dungeon.
You worshipped Trog.
Trog was extremely pleased with you.
You visited 1 branch You collected 600 gold pieces.
You spent 374 gold pieces at shops.

Inventory:

Hand Weapons
 a - a +0 hand axe
 t - a +4 quarterstaff of chaos (weapon)
 v - a +2 flail of holy wrath
 x - a +3 great sword of flaming
Armour
 b - a +0 animal skin
 p - a +0 pair of gloves (worn)
 q - a +0 scale mail
 s - a +2 cloak
 u - a +0 ring mail of cold resistance
 w - the +2 animal skin of Exclusion (worn) {rF+ rCorr Dex+4}
   (You bought it in a shop in the Dungeon)

   Dex:       It affects your dexterity (+4).
   rF:        It protects you from fire.
   rCorr:     It protects you from acid and corrosion.
Jewellery
 m - the ring "Dugaxomp" (left hand) {rPois rF+ rN+ EV+4 Int+3}
   (You bought it in a shop in the Dungeon)

   [ring of evasion]

   EV:        It affects your evasion (+4).
   Int:       It affects your intelligence (+3).
   rF:        It protects you from fire.
   rPois:     It protects you from poison.
   rN:        It protects you from negative energy.
 n - the amulet of Hetru (around neck) {rElec Regen+}
   (You bought it in a shop in the Dungeon)

   [amulet of regeneration]

   rElec:     It insulates you from electricity.
   Regen:     It increases your rate of health regeneration.
 o - the ring of Feboceg (right hand) {rC+ Int+4 Dex+3}
   (You bought it in a shop in the Dungeon)

   [ring of protection from cold]

   Int:       It affects your intelligence (+4).
   Dex:       It affects your dexterity (+3).
   rC:        It protects you from cold.
Wands
 j - a wand of acid (5)
 k - a wand of iceblast (5)
Scrolls
 h - 4 scrolls of blinking
 l - 3 scrolls of fog
Potions
 c - 2 potions of curing
 d - 4 potions of heal wounds
 e - 4 potions of haste
 f - 2 potions of magic
 g - a potion of berserk rage
 i - a potion of resistance
 r - a potion of attraction {unknown}


   Skills:
 + Level 11.6 Fighting
 + Level 12.5 Axes
 + Level 9.9 Staves
 + Level 5.8 Armour
 + Level 7.1 Dodging
 + Level 2.0 Stealth


You had 7 spell levels left.
You didn't know any spells.
Your spell library was empty.

Dungeon Overview and Level Annotations

Branches:
Dungeon (1/1)

Altars:
Cheibriados
Dithmenos
Fedhas
Gozag
Kikubaaqudgha
Makhleb
Okawaru
Qazlal
Ru
Sif Muna
Trog
Uskayaw
Vehumet
Wu Jian
Xom
Yredelemnul
Zin
The Shining One
Lugonu

Shops:
D *[??*?*:[((!!!!


Innate Abilities, Weirdness & Mutations

You have a pair of horns on your head.
You reflexively headbutt those who attack you in melee.


Message History

You barely miss the giant anaconda.
The giant anaconda is moderately wounded.
The giant anaconda barely misses you. The giant anaconda constricts you.
You sock the giant anaconda!
The giant anaconda seems to grow stronger.
The giant anaconda is moderately wounded.
The giant anaconda misses you. The giant anaconda constricts you.
You bludgeon the giant anaconda!!
You feel better.
The giant anaconda is heavily wounded.
The giant anaconda completely misses you.
The giant anaconda constricts you.
You barely miss the giant anaconda.
The giant anaconda is heavily wounded.
The giant anaconda bites you!! The giant anaconda constricts you.
You hit the giant anaconda.
Space warps horribly around the giant anaconda!
The giant anaconda is severely wounded.
The giant anaconda barely misses you. The giant anaconda constricts you.
You barely miss the giant anaconda.
The giant anaconda is severely wounded.
The giant anaconda misses you. The giant anaconda constricts you.
You closely miss the giant anaconda.
The giant anaconda is severely wounded.
The giant anaconda bites you! The giant anaconda constricts you.
You sock the giant anaconda!
The giant anaconda flickers and vanishes!
Deactivating autopickup; reactivate with Ctrl-A.
Something bites you.
You are constricted.
You closely miss something. Your headbutt misses something.
Something bites you!!
* * * LOW HITPOINT WARNING * * *
You are constricted.
* * * LOW HITPOINT WARNING * * *
You closely miss something. Something bites you!
* * * LOW HITPOINT WARNING * * *
You are constricted.
* * * LOW HITPOINT WARNING * * *
You bludgeon something!! You burn something! Your headbutt misses something.
Something bites you but does no damage.
You are constricted.
You die...

#_......._# ###.........###
#⌠...........⌠#
######.8÷.[...÷..8.######
##._._......###..))...__∩##
###∩........8.# #.8.)......∩###
##......)......###.............#
#⌠......[)..###...###..........⌠
#⌠.....S....# #@<.# #.)........⌠
#⌠..........###{..###).).......⌠
##.............###.............#
###∩........8.# #.8........∩###
##∩___......###......__.∩##
######.8.........8.######
#⌠...........⌠# ###.........###
#_......._#


There were no monsters in sight!

Vanquished Creatures
  A rime drake (D)
  3 water elementals (D)
  An ice beast (D)
  A bullfrog (D)
  A gnoll bouda (D)
  6 orc priests (D)
  Crazy Yiuf (D)
  Terence (D)
  4 gnolls (D)
  2 worms (D)
  A bat (D)
  A kobold (D)
  A bat simulacrum (D)
24 creatures vanquished.

Notes
Turn   | Place    | Note
-------+----------+-------------------------------------------
     0 | D        | boopmooplesden the Minotaur Berserker began the quest for
                  | the Orb.
     0 | D        | Reached XP level 1. HP: 19/19 MP: 0/0
     0 | D        | Found a shimmering blue altar of Sif Muna.
     0 | D        | Found a shadowy altar of Dithmenos.
     3 | D        | Found an opulent altar of Gozag.
     3 | D        | Found a basalt altar of Yredelemnul.
     4 | D        | Found a bloodstained altar of Trog.
     5 | D        | Found an ornate altar of the Wu Jian Council.
     5 | D        | Found a snail-covered altar of Cheibriados.
     5 | D        | Round 1.
     6 | D        | Found a stormy altar of Qazlal.
     6 | D        | Found Sikk's Identification Station.
     7 | D        | Found Digiyn's Jewellery.
     7 | D        | Found Jyosyblu's Advanced Armour.
    15 | D        | Bought a scintillating marble ring for 45 gold pieces
    15 | D        | Identified the ring "Dugaxomp" {rPois rF+ rN+ EV+4 Int+3}
                  | (You bought it in a shop in the Dungeon)
    15 | D        | Bought a glittering iron amulet for 45 gold pieces
    15 | D        | Identified the amulet of Hetru {rElec Regen+} (You bought
                  | it in a shop in the Dungeon)
    15 | D        | Bought a wavering marble ring for 45 gold pieces
    15 | D        | Identified the ring of Feboceg {rC+ Int+4 Dex+3} (You
                  | bought it in a shop in the Dungeon)
    25 | D        | Found a glowing silver altar of Zin.
    26 | D        | Found a shimmering altar of Xom.
    27 | D        | Found a corrupted altar of Lugonu.
    29 | D        | Found Xosaotay's Premium Goods.
    30 | D        | Found a hide-covered altar of Uskayaw.
    30 | D        | Found Fecw's Weapon Rack.
    30 | D        | Found Tomionnaise's Miscellaneous Merchandise.
    30 | D        | Found Kinom's Basic Armour.
    38 | D        | Bought a +0 pair of gloves for 54 gold pieces
    47 | D        | Found a radiant altar of Vehumet.
    55 | D        | Found an iron altar of Okawaru.
    60 | D        | Reached skill level 4 in Axes
    60 | D        | Found Sugoir's Do-It-Yourself Clinic.
    60 | D        | Found a blossoming altar of Fedhas.
    60 | D        | Found Wiphipnu's Distillery.
    61 | D        | Found Baet's Bottled Wisdom.
    61 | D        | Found Ydwo Yte's Distillery.
    66 | D        | Noticed Terence
    68 | D        | Found a burning altar of Makhleb.
    69 | D        | Found a glowing golden altar of the Shining One.
    72 | D        | Killed Terence
    72 | D        | Reached ** piety under Trog
    73 | D        | Reached skill level 5 in Fighting
    73 | D        | Reached skill level 6 in Axes
    73 | D        | Reached XP level 2. HP: 29/29 MP: 1/1
    73 | D        | Reached XP level 3. HP: 36/36 MP: 2/2
    73 | D        | Found an ancient bone altar of Kikubaaqudgha.
    76 | D        | Found Rionuwev's Staff Store.
    77 | D        | Found a sacrificial altar of Ru.
    77 | D        | Found Qyuto's Magic Scroll Shop.
    77 | D        | Found Attugojira's Must-Have Magic.
    77 | D        | Found Xumparhu's Magic Scroll Shop.
    91 | D        | Arena points: 12 (+12) [x2]
   135 | D        | Round 2.
   135 | D        | Noticed Crazy Yiuf
   141 | D        | Killed Crazy Yiuf
   142 | D        | Reached skill level 7 in Axes
   161 | D        | Reached *** piety under Trog
   162 | D        | Reached XP level 4. HP: 45/45 MP: 3/3
   210 | D        | Reached skill level 8 in Axes
   222 | D        | Arena points: 54 (+42) [x3]
   223 | D        | Reached skill level 1 in Staves
   281 | D        | Round 3.
   286 | D        | Reached **** piety under Trog
   287 | D        | Reached skill level 9 in Axes
   287 | D        | Reached XP level 5. HP: 53/53 MP: 4/4
   296 | D        | Reached skill level 5 in Dodging
   300 | D        | Reached skill level 10 in Axes
   300 | D        | Reached XP level 6. HP: 56/63 MP: 5/5
   300 | D        | Reached ***** piety under Trog
   300 | D        | Arena points: 138 (+84) [x4]
   301 | D        | Reached skill level 5 in Armour
   336 | D        | Bought a dazzling animal skin for 185 gold pieces
   336 | D        | Identified the +2 animal skin of Exclusion {rF+ rCorr
                  | Dex+4} (You bought it in a shop in the Dungeon)
   353 | D        | Round 4.
   354 | D        | Noticed an ice beast
   359 | D        | an ice beast changed into a bullfrog
   362 | D        | Reached skill level 5 in Staves
   369 | D        | Noticed a water elemental
   372 | D        | Noticed a rime drake
   376 | D        | Killed a water elemental
   377 | D        | Reached skill level 10 in Fighting
   377 | D        | Reached skill level 11 in Axes
   377 | D        | Reached skill level 1 in Stealth
   379 | D        | Killed a rime drake
   379 | D        | Received a gift from Trog
   380 | D        | Reached XP level 7. HP: 27/74 MP: 6/6
   386 | D        | Noticed a water elemental
   394 | D        | Killed a water elemental
   395 | D        | Reached skill level 12 in Axes
   440 | D        | Noticed a water elemental
   447 | D        | Killed a water elemental
   447 | D        | Arena points: 298 (+160) [x5]
   448 | D        | Reached XP level 8. HP: 56/83 MP: 7/7
   505 | D        | Round 5.
   509 | D        | Noticed a giant anaconda
   538 | D        | HP: 6/124 [something (13)]
   539 | D        | Constricted to death by a giant anaconda

Illustrated notes

Levels and vault maps discovered:
D:        arena_sprint

Skill      XL: |  1  2  3  4  5  6  7 |
---------------+----------------------+-----
Fighting       | 5 6 8 9 11 | 11.6
Axes           | 6 7 9 10 11 12 | 12.5
Armour         | 3 4 5 |  5.8
Dodging        | 3 4 5 6 7 |  7.1
Staves         | 2 4 8 9 |  9.9
Stealth        | 1 2 |  2.0

Action                   |  1- 3 |  4- 6 |  7- 9 || total
-------------------------+-------+-------+-------++-------
Melee: Hand axe          |    15 |       |       ||    15
       Headbutt          |     5 |     5 |     5 ||    15
       Quarterstaff      |     1 |    30 |    27 ||    58
Invok: Berserk           |     2 |     1 |     2 ||     5
 Stab: Paralysed         |       |     1 |       ||     1
Armor: Animal skin       |     4 |       |     1 ||     5
       Skin              |     1 |       |       ||     1
       Scale mail        |       |     6 |       ||     6
Dodge: Dodged            |    12 |    13 |    18 ||    43
